 Dungeon Crawl Stone Soup version 0.19-a0-994-g3c636f0 (webtiles) character file.

18854 mistymad the Blocker (level 13, -3/107 HPs)
             Began as a Formicid Abyssal Knight on July 18, 2016.
             Was the Champion of Lugonu.
             Slain by a yak (8 damage)
             ... in an ice cave.
             The game lasted 00:35:44 (16687 turns).

mistymad the Blocker (Formicid Abyssal Knight)     Turns: 16687, Time: 00:35:45

Health: -3/107     AC: 18    Str: 21    XL:     13   Next: 0%
Magic:  8/15       EV: 17    Int: 13    God:    Lugonu [******]
Gold:   677        SH: 13    Dex: 15    Spells: 0 memorised, 12 levels left

rFire  x . .     SeeInvis +     y - +2 war axe (freeze)
rCold  + + .     Gourm    +     x - +0 ice dragon armour
rNeg   . . .     Faith    .     z - +0 shield
rPois  +         Spirit   .     (helmet unavailable)
rElec  .         Dismiss  .     B - +2 cloak
rCorr  .         Reflect  .     (no gloves)
SustAt .         Harm     .     a - +0 pair of boots
MR     +....                    e - amulet of the gourmand
Stlth  +.........               H - ring of poison resistance
                                p - +2 ring of evasion

@: agile, somewhat resistant to hostile enchantments, very unstealthy
A: permanent stasis, dig shafts and tunnels, four strong arms, antennae 3
a: Dig, Shaft Self, Depart the Abyss, Bend Space, Banish, Corrupt, Enter the
Abyss, Brand Weapon With Distortion, Renounce Religion


You were in an ice cave.
You worshipped Lugonu.
Lugonu was exalted by your worship.
You were very full.

You visited 4 branches of the dungeon, and saw 15 of its levels.
You visited the Abyss 1 time.
You also visited: Ice Cave.

You collected 677 gold pieces.

Inventory:

Hand Weapons
 y - a +2 war axe of freezing (weapon)
 A - a +3 war axe
 I - a +0 battleaxe
Missiles
 i - a throwing net (quivered)
Armour
 a - a +0 pair of boots (worn)
 q - a +0 large shield
 v - a +0 scale mail
 x - a +0 ice dragon armour (worn)
 z - a +0 shield (worn)
 B - a +2 cloak (worn)
Jewellery
 b - a +3 amulet of reflection
 e - an amulet of the gourmand (around neck)
 l - an uncursed ring of resist corrosion
 p - a +2 ring of evasion (left hand)
 H - a ring of poison resistance (right hand)
Wands
 t - a wand of paralysis (0/24)
 M - a wand of flame (20/48)
Scrolls
 h - 3 scrolls of enchant armour
 k - 3 scrolls of remove curse
 s - 3 scrolls of identify
 u - 5 scrolls of fog
 E - 2 scrolls of fear
 F - 2 scrolls of recharging
 L - a scroll of enchant weapon
Potions
 d - a potion of agility
 g - a potion of beneficial mutation
 j - 2 potions of resistance
 m - 5 potions of flight
 w - 2 potions of curing
 C - a potion of berserk rage
 D - a potion of cure mutation
 G - 2 potions of invisibility {unknown}
 K - 2 potions of degeneration {unknown}
Miscellaneous
 J - a fan of gales
Comestibles
 c - 8 bread rations
 f - 12 fruits
 n - 9 slices of pizza
 o - 6 beef jerkies
 r - 6 meat rations
 N - 4 chunks of flesh


   Skills:
 + Level 11.8 Fighting
 + Level 10.3 Axes
 + Level 11.2 Armour
 - Level 1.1 Dodging
 + Level 11.9 Shields
 - Level 3.1 Invocations


You had 12 spell levels left.
You didn't know any spells.

Dungeon Overview and Level Annotations

Branches:
Dungeon (10/15)            Temple (1/1) D:6            Lair (3/6) D:8
    Orc (1/2) D:10
  Swamp: Lair:2-4    Shoals: Lair:2-4     Snake: Lair:2-4    Spider: Lair:2-4

Altars:
Ashenzari
Cheibriados
Dithmenos
Elyvilon
Fedhas
Gozag
Hepliaklqana
Kikubaaqudgha
Makhleb
Nemelex Xobeh
Okawaru
Pakellas
Qazlal
Ru
Sif Muna
Trog
Uskayaw
Vehumet
Xom
Yredelemnul
Zin
The Shining One

Shops:
D:7 *   D:9 =   D:10 }

Annotations:
IceCv corrupted


Innate Abilities, Weirdness & Mutations

You are under a permanent stasis effect.
You can dig through walls and to a lower floor.
Your four strong arms can wield two-handed weapons with a shield.
You have a pair of large antennae on your head. (SInv)


Message History

The polar bear claws you but does no damage.
The polar bear bites you.
* * * LOW HITPOINT WARNING * * *
The polar bear claws you but does no damage.
The polar bear misses you. The polar bear bites you!
* * * LOW HITPOINT WARNING * * *
The polar bear completely misses you. The polar bear misses you.
The yak misses you.
The polar bear bites you but does no damage.
You block the polar bear's attack.
The polar bear claws you but does no damage.
You block the polar bear's attack. The polar bear barely misses you.
You block the polar bear's attack.
You take 11 damage, and have 9/107 hp.
Okay, then.
Lugonu's Hand of Corruption reaches out!
The polar bear bites you but does no damage.
The polar bear claws you but does no damage.
The polar bear closely misses you. The yak gores you!
You die...

#####
##...##
##..∩..###
#........#
##...∩..Y.#
#.#......#
#5###.##
#.@h..#
#.hYhx.#
#.XX####
##....
.F#... ..#
#5.# .k W##
.## #.


You could see 3 polar bears, a yak, a neutral tentacled starspawn, a neutral
death drake, a neutral eidolon, a neutral large abomination, a neutral
worldbinder, a neutral blink frog, a neutral ice beast and 2 neutral ufetubi.

Vanquished Creatures
  Gastronok (Lair:1)
  Erolcha (D:9)
  The ghost of MordorOrchid the Covert, a journeyman OpEE of Sif Muna (D:10)
  Sonja (Lair:3)
  3 black mambas
  3 spiny frogs
  Joseph (D:7)
  A rime drake (Lair:3)
  3 komodo dragons
  2 polar bears (IceCv)
  5 blink frogs
  A human (D:8)
  19 yaks
  The ghost of mistymad the Skirmisher, an amateur FoAK of Lugonu (D:4)
  5 hippogriffs
  4 water moccasins
  A porcupine (Lair:1)
  A black bear (D:6)
  8 ice beasts (Lair:3)
  5 orc warriors
  2 sky beasts
  A necrophage (D:7)
  7 wolves
  6 centaurs
  2 crocodiles (Lair:1)
  8 ogres
  A big kobold (D:10)
  9 giant frogs
  3 scorpions
  4 killer bees (D:10)
  A howler monkey (D:5)
  6 wights
  An electric eel (Lair:2)
  A quasit (D:10)
  A giant frog zombie (D:9)
  3 crimson imps
  2 jellies
  9 orc priests
  11 orc wizards
  6 hounds
  A wasp zombie (D:9)
  2 giant frog skeletons
  4 iguanas
  Jessica (D:2)
  9 worker ants
  7 sheep
  2 hound zombies
  3 hound skeletons
  Robin (D:3)
  3 gnolls (D:3)
  4 adders
  A howler monkey skeleton (D:9)
  28 river rats
  An ooze (D:1)
  An adder skeleton (D:7)
  5 worms
  2 dart slugs (D:1)
  5 giant geckos
  32 orcs
  2 ball pythons
  7 bats
  3 giant cockroaches
  21 goblins
  9 hobgoblins
  5 jackals
  15 kobolds
  7 quokkas
  A giant gecko skeleton (D:7)
  3 giant newts
  6 rats
342 creatures vanquished.

Vanquished Creatures (others)
  2 goblins (D:4)
  2 fungi (Lair:2)
4 creatures vanquished.

Grand Total: 346 creatures vanquished

Notes
Turn   | Place    | Note
-------+----------+-------------------------------------------
     0 | Abyss:1  | mistymad the Formicid Abyssal Knight began the quest for the Orb.
     0 | Abyss:1  | Reached XP level 1. HP: 18/18 MP: 2/2
    10 | D:1      | Escaped the Abyss
   125 | D:1      | Reached skill level 1 in Dodging
   555 | D:1      | Reached XP level 2. HP: 24/24 MP: 3/3
  1053 | D:2      | Found a white marble altar of Elyvilon.
  1056 | D:2      | Noticed Jessica
  1062 | D:2      | Killed Jessica
  1062 | D:2      | Reached skill level 1 in Shields
  1062 | D:2      | Reached XP level 3. HP: 28/30 MP: 4/4
  1066 | D:2      | Reached XP level 4. HP: 32/37 MP: 5/5
  1173 | D:2      | Reached ** piety under Lugonu
  1308 | D:2      | Found a sacrificial altar of Ru.
  1564 | D:3      | Noticed Robin
  1601 | D:3      | Killed Robin
  1787 | D:3      | Reached XP level 5. HP: 32/42 MP: 6/6
  2251 | D:3      | Found a blossoming altar of Fedhas.
  2538 | D:3      | Reached *** piety under Lugonu
  3099 | D:3      | Reached XP level 6. HP: 39/49 MP: 8/8
  3458 | D:4      | Noticed an ogre
  3467 | D:4      | Killed an ogre
  3732 | D:4      | Noticed mistymad's ghost (amateur FoAK)
  4270 | D:4      | Reached XP level 7. HP: 46/55 MP: 9/9
  4613 | D:4      | Reached skill level 5 in Fighting
  4678 | D:4      | Killed mistymad's ghost
  5628 | D:4      | Reached **** piety under Lugonu
  5727 | D:5      | Entered Level 5 of the Dungeon
  5774 | D:5      | Reached skill level 5 in Armour
  5774 | D:5      | Reached XP level 8. HP: 37/63 MP: 10/10
  5957 | D:5      | Found an oddly glowing altar of Pakellas.
  6438 | D:5      | Found an iron altar of Okawaru.
  6470 | D:5      | Reached skill level 5 in Shields
  6743 | D:5      | Found an ancient bone altar of Kikubaaqudgha.
  6801 | D:6      | Reached skill level 5 in Axes
  7121 | D:6      | Found a staircase to the Ecumenical Temple.
  7141 | D:6      | Reached XP level 9. HP: 71/71 MP: 11/11
  8264 | Temple   | Entered the Ecumenical Temple
  8402 | D:7      | Noticed Joseph
  8418 | D:7      | Killed Joseph
  8746 | D:7      | Found a shattered altar of Ashenzari.
  8956 | D:7      | Identified Guelur's Papyrus of the Boosting Arsonist
  9081 | D:7      | Found Lotiof's Luxury Loot.
  9482 | D:7      | Found a burning altar of Makhleb.
  9977 | D:8      | Found a staircase to the Lair.
 10001 | D:8      | Reached XP level 10. HP: 55/78 MP: 12/12
 10557 | D:8      | Found a radiant altar of Vehumet.
 10562 | D:8      | Found a basalt altar of Yredelemnul.
 10562 | D:8      | Found a glowing silver altar of Zin.
 10562 | D:8      | Found a hazy altar of Hepliaklqana.
 10568 | D:8      | Found a snail-covered altar of Cheibriados.
 10676 | D:8      | Reached ***** piety under Lugonu
 10966 | D:9      | Noticed Erolcha
 10979 | D:9      | Killed Erolcha
 11343 | D:9      | Found Goipetax's Jewellery Shop.
 11921 | D:10     | Entered Level 10 of the Dungeon
 11947 | D:10     | Found a staircase to the Orcish Mines.
 12040 | D:10     | Found Jiodif's Gadget Shop.
 12041 | D:10     | Noticed MordorOrchid's ghost (journeyman OpEE)
 12058 | D:10     | Killed MordorOrchid's ghost
 12058 | D:10     | Reached XP level 11. HP: 59/87 MP: 13/13
 12353 | D:10     | Found a bloodstained altar of Trog.
 12758 | Orc:1    | Entered Level 1 of the Orcish Mines
 13133 | Lair:1   | Entered Level 1 of the Lair of Beasts
 13140 | Lair:1   | Reached skill level 10 in Fighting
 14055 | Lair:1   | Reached skill level 10 in Shields
 14066 | Lair:1   | Noticed Gastronok
 14728 | Lair:1   | Killed Gastronok
 14728 | Lair:1   | Reached skill level 10 in Armour
 14728 | Lair:1   | Reached XP level 12. HP: 81/97 MP: 14/14
 14848 | Lair:1   | Reached ****** piety under Lugonu
 15340 | Lair:1   | Noticed an eight-headed hydra
 16084 | Lair:2   | Reached skill level 10 in Axes
 16449 | Lair:3   | Noticed Sonja
 16457 | Lair:3   | Killed Sonja
 16492 | Lair:3   | Found a frozen archway.
 16651 | IceCv    | Entered an ice cave
 16683 | IceCv    | Reached XP level 13. HP: 41/105 MP: 15/15
 16687 | IceCv    | Corrupted IceCv
 16687 | IceCv    | Noticed an eidolon
 16687 | IceCv    | Noticed a tentacled starspawn
 16687 | IceCv    | Slain by a yak

Vault maps used:
D:1:      kennysheep_arrival_seaside, lemuel_flame_loot_1
D:2:      overflow_temple_1_default, hangedman_ru_absence, uniq_jessica
D:3:      minmay_door_path, fedhas_altar_4, first_bread,
          hangedman_decor_clover_reticule, uniq_robin
D:4:      kennysheep_goblin_castle
D:5:      nicolae_overflow_hidden_temple, grunt_pakellas_mercury,
          kennysheep_little_box
D:6:      minmay_misc_feat_encased
D:7:      old_standard_altar, makhleb_blood_cavern_becter,
          nicolae_alphabet_shops, uniq_joseph
D:8:      minitemple, dpeg_lair_monsters, moated_statue, grunt_livestock
D:9:      serial_shops, nicolae_shop_competitors_out_of_business, uniq_erolcha
D:10:     orc_0_dummy, serial_shops, shop, bloody_trog
Temple:   jpeg_temple_island
Lair:1:   grunt_megastairs_3, uniq_gastronok
Lair:2:   serial_bayou_shore_a
Lair:3:   portal_ice_cave_entry_ice_beasts, zaba_anthell, uniq_sonja,
          uniq_nergalle
Orc:1:    cheibrodos_orc_bank, serial_shops, nicolae_shop_behind_doors,
          minmay_orc_keep
IceCv:    ice_cave_small_giant

Skill      XL: |  1  2  3  4  5  6  7  8  9 10 11 12 |
---------------+-------------------------------------+-----
Dodging        | 1 |  1.1
Shields        | 1 2 3 4 5 7 9 10 11 | 11.9
Armour         | 3 4 5 6 7 9 10 11 | 11.2
Fighting       | 4 5 6 7 9 10 11 | 11.8
Axes           | 3 4 5 6 8 9 10 | 10.3
Invocations    | 3 |  3.1

Action                   |  1- 3 |  4- 6 |  7- 9 | 10-12 | 13-15 || total
-------------------------+-------+-------+-------+-------+-------++-------
Melee: Hand axe          |    45 |   248 |   152 |       |       ||   445
       War axe           |       |       |   223 |   670 |     2 ||   895
       Battleaxe         |       |       |       |     5 |       ||     5
Invok: Bend Space        |       |     1 |       |     1 |       ||     2
       Corrupt           |       |       |       |       |     1 ||     1
Evoke: Wand              |       |       |     2 |     1 |       ||     3
  Use: Scroll            |       |     6 |    14 |     7 |       ||    27
       Potion            |       |       |     2 |     1 |     1 ||     4
 Stab: Paralysed         |       |       |     1 |     3 |       ||     4
  Eat: Chunk             |       |    11 |    29 |    24 |       ||    64
       Fruit             |       |       |     1 |       |       ||     1
Armor: Leather armour    |    14 |    78 |    98 |       |       ||   190
       Scale mail        |       |       |     8 |    31 |       ||    39
       Skin              |       |       |     1 |       |       ||     1
       Ice dragon armour |       |       |       |   220 |    10 ||   230
Dodge: Dodged            |    20 |   122 |   162 |   265 |    17 ||   586
Block: Buckler           |     9 |    98 |   137 |    24 |       ||   268
       Reflection        |     1 |     9 |     1 |     2 |       ||    13
       Other             |     1 |       |       |       |       ||     1
       Shield            |       |       |       |   371 |    10 ||   381
       Large shield      |       |       |       |    58 |       ||    58
